 Dungeon Crawl Stone Soup version 0.25-a0-378-gd2ca0b7745 (webtiles) character file.

Game seed: 2563052464145466610, levelgen mode: deterministic

62 PentaManta the Chopper (level 3, 29/29 HPs)
             Began as a Demonspawn Berserker on Jan 7, 2020.
             Was a Believer of Trog.
             Got out of the dungeon alive.
             The game lasted 00:05:00 (2256 turns).

PentaManta the Chopper (Demonspawn Berserker)       Turns: 2256, Time: 00:05:00

Health: 29/29      AC:  5    Str: 18    XL:     3   Next: 85%
Magic:  3/3        EV: 12    Int:  8    God:    Trog [**....]
Gold:   105        SH:  0    Dex: 12    Spells: 2/2 levels left

rFire    . . .     SeeInvis .   a - +0 hand axe
rCold    . . .     Gourm    .   (no shield)
rNeg     . . .     Faith    .   b - +0 animal skin
rPois    .         Spirit   .   (no helmet)
rElec    .         Reflect  .   (no cloak)
rCorr    .         Harm     .   (no gloves)
MR       .....                  (no boots)
Stlth    ++........             (no amulet)
HPRegen  0.09/turn              l - +3 ring of protection
MPRegen  0.08/turn              (no ring)

@: lightly drained
A: nightstalker 1
a: Berserk, Trog's Hand, Renounce Religion


You escaped.
You worshipped Trog.
Trog was pleased with you.
You were very hungry.

You visited 1 branch of the dungeon, and saw 2 of its levels.

You collected 105 gold pieces.

Inventory:

Hand Weapons
 a - a +0 hand axe (weapon)
 f - a +0 dagger of draining
Armour
 b - a +0 animal skin (worn)
 n - a +0 helmet
Jewellery
 l - a +3 ring of protection (left hand)
Scrolls
 e - a scroll of fear {unknown}
 g - 2 scrolls of identify {unknown}
 i - 2 scrolls of teleportation {unknown}
 j - a scroll of blinking {unknown}
Potions
 d - a potion of magic {unknown}
 h - a potion of curing {unknown}
 k - 3 potions of mutation {unknown}
 m - a potion of might {unknown}
Comestibles
 c - a ration


   Skills:
 - Level 3.0(2.5) Fighting
 + Level 4.4(3.9) Axes
 - Level 1.7(1.3) Armour
 - Level 1.7(1.3) Dodging


You had 2 spell levels left.
You didn't know any spells.
Your spell library was empty.

Dungeon Overview and Level Annotations

Branches:
Dungeon (2/15)

Altars:
Qazlal


Innate Abilities, Weirdness & Mutations

You are slightly more attuned to the shadows.


Message History

No target in view!
You see here an adder corpse.
You see here an adder corpse.
Done exploring.
Done exploring.
Done exploring.
No target in view!
No target in view!
You see here a short sword.
You are feeling very hungry.
You can't go up here!
There is a stone staircase leading up here.
You climb upwards.
There is a stone staircase leading down here.
HP restored.
You see here 11 stones.
There is an open door here.
There is a staircase leading out of the dungeon here.
Are you sure you want to leave the Dungeon?
This will make you lose the game!
You have escaped!

..#.#..##..................# #.#
#.#.##.###..#########..#...###.##
#.#.##..#...#...(...##..........#
#.#.###...##.#######.##...)######
#.#.# #..##.##..≈..##.##...).....
#.#.# #(.#.##.#.###.##.#....#.##.
..#.# #..#.#.##...##.#.#....#....
###.# #..#.#.#.###.#.#.#....#####
....# #..#≈#.#≈#@#.#.#.#.........
##### #..#.#.#..##.#.#.#..#.#####
# #..#.'.##...##.#.#..#.# # #
#..#.##.#####.##.#..#.# # #
#..##.##.....##.##..#.# # #
#...##.#######.##...#.# # #
#.#..##.......##....#.# # #
#.##..#########...†.#.# # #
#..##.............#.#.# #


There were no monsters in sight!

Vanquished Creatures
  2 adders (D:2)
  A dart slug (D:1)
  A leopard gecko (D:2)
  2 giant cockroaches (D:1)
  6 goblins
  4 hobgoblins (D:1)
  4 jackals
  3 kobolds (D:1)
  A ball python (D:1)
  6 bats
  A frilled lizard (D:1)
  7 rats (D:1)
38 creatures vanquished.

Notes
Turn   | Place    | Note
-------+----------+-------------------------------------------
     0 | D:1      | PentaManta the Demonspawn Berserker began the quest for the
                  | Orb.
     0 | D:1      | Reached XP level 1. HP: 18/18 MP: 1/1
   126 | D:1      | Reached skill level 3 in Axes
   626 | D:1      | Gained mutation: You are slightly more attuned to the
                  | shadows. [demonic ancestry]
   626 | D:1      | Reached XP level 2. HP: 23/24 MP: 2/2
   876 | D:1      | Reached ** piety under Trog
   957 | D:1      | Reached XP level 3. HP: 6/29 MP: 3/3
  1688 | D:2      | Reached skill level 4 in Axes
  1745 | D:2      | Found a stormy altar of Qazlal.
  2256 | D:$      | Got out of the dungeon alive.

Levels and vault maps discovered:
D:1:      evilmike_arrival_rings, layout_basic
D:2:      layout_rooms, lemuel_doored_altar

Skill      XL: |  1  2  3 |
---------------+----------+-----
Axes           | 3 4 |  4.4
Fighting       | |  3.0
Armour         | |  1.7
Dodging        | |  1.7

Action                   || total
-------------------------++-------
Melee: Hand axe          ||   123
       Dagger            ||     1
 Stab: Sleeping          ||     1
  Eat: Chunk             ||     3
Armor: Animal skin       ||    42
Dodge: Dodged            ||    95

Table legend:
 A = Non-vault XP
 B = Vault XP
 C = Vault XP percentage of total XP
 D = Non-vault monster count
 E = Vault monster count
 F = Vault count percentage of total count
                 A         B        C        D         E       F
            +---------+---------+-------+---------+---------+-------
      Total |      89 |       0 |   0.0 |      38 |       0 |   0.0
            +---------+---------+-------+---------+---------+-------
        D:1 |      46 |       0 |   0.0 |      28 |       0 |   0.0
        D:2 |      43 |       0 |   0.0 |      10 |       0 |   0.0
            +---------+---------+-------+---------+---------+-------
